 Dungeon Crawl Stone Soup version 0.29-a0-700-g2f1814c7b2 (webtiles) character file.

Game seed: 17099800571814175095

39 Patoropollo the Ducker (level 3, -5/29 HPs)
             Began as a Demigod Gladiator on June 25, 2022.
             Slain by Terence
             ... wielding a +0 mace
              (7 damage)
             ... on level 2 of the Dungeon.
             The game lasted 00:02:48 (1925 turns).

Patoropollo the Ducker (Demigod Gladiator)          Turns: 1925, Time: 00:02:49

Health: -5/29      AC:  7    Str: 19    XL:     3   Next: 13%
Magic:  5/5        EV: 11    Int: 10    God:
Gold:   90         SH:  0    Dex: 15    Spells: 2/2 levels left

rFire   . . .      SeeInvis .     - Unarmed
rCold   . . .      Faith    .   (no shield)
rNeg    . . .      Spirit   .   q - +0 scale mail
rPois   .          Reflect  .   k - +0 helmet
rElec   .          Harm     .   (no cloak)
rCorr   .          Rampage  .   (no gloves)
Will    .....                   (no boots)
Stlth   ..........              (no amulet)
HPRegen 0.09/turn               (no ring)
MPRegen 0.09/turn               (no ring)

@: hasted, very quick
A: high MP 1, forlorn, divine attributes
a: no special abilities


You were on level 2 of the Dungeon.
You visited 1 branch of the dungeon, and saw 2 of its levels.

You collected 90 gold pieces.

Inventory:

Missiles
 c - 3 throwing nets (quivered)
 d - 6 javelins
Armour
 k - a +0 helmet (worn)
 q - a +0 scale mail (worn)
Jewellery
 h - a ring of flight
Scrolls
 b - a scroll of noise {unknown}
 e - 5 scrolls of identify {unknown}
 g - 2 scrolls of teleportation {unknown}
 i - a scroll of vulnerability {unknown}
 o - a scroll of amnesia {unknown}
Potions
 a - 2 potions of curing {unknown}
 f - a potion of brilliance {unknown}
 j - 2 potions of ambrosia {unknown}
 l - 2 potions of berserk rage {unknown}
 n - a potion of mutation {unknown}
 p - a potion of resistance {unknown}


   Skills:
 + Level 2.3 Fighting
 - Level 1.7 Throwing
 + Level 1.1 Armour
 + Level 3.1 Dodging
 + Level 3.0 Unarmed Combat


You had 2 spell levels left.
You didn't know any spells.
Your spell library was empty.

Dungeon Overview and Level Annotations

Branches:
Dungeon (2/15)

Annotations:
D:2 Terence


Innate Abilities, Weirdness & Mutations

You have an increased reservoir of magic. (+10% MP)
You shall have no god before yourself.
Your divine heritage dramatically boosts your attributes as you level up.


Message History

You hit Terence.
Terence is heavily wounded.
Terence closely misses you.
You barely miss Terence.
Terence is heavily wounded.
Terence hits you with a +0 mace.
* * * LOW HITPOINT WARNING * * *
You barely miss Terence.
Terence is heavily wounded.
Terence hits you with a +0 mace.
* * * LOW HITPOINT WARNING * * *
You hit Terence but do no damage.
Terence is heavily wounded.
Terence closely misses you.
You hit Terence but do no damage.
Terence is heavily wounded.
Terence closely misses you.
You barely miss Terence.
Terence is heavily wounded.
Terence hits you with a +0 mace.
* * * LOW HITPOINT WARNING * * *
You hit Terence but do no damage. You punch Terence, but do no damage.
Terence is heavily wounded.
Terence hits you but does no damage.
You completely miss Terence.
Terence is heavily wounded.
Terence shouts, "Now you die!" Terence hits you but does no damage.
You hit Terence but do no damage.
Terence is heavily wounded.
Terence closely misses you.
You barely miss Terence.
Terence is heavily wounded.
You hit Terence.
Terence is heavily wounded.
Terence hits you but does no damage.
You hit Terence but do no damage.
Terence is heavily wounded.
Terence hits you with a +0 mace!
You die...

###.##.####.####.####.####.####.#
#.##.#..+.').#.#..+.'..#.#.8#.#
#.##.#..#.#..#.#..#.#..#.#..#.#
###.##.#'##.#'##.#'##.#+##.#'##.#
..#.##..........................#
#.#.##.#'##.#+##.#'##.#+##.#'##.#
#.#.##.#..#.#..#.#..#.# #.#..#.#
..#.##.#.8#.#..@.+..#.# +.+..#.#
###.##.####.####@####.####.####.#
.....#..........................#
###############################.#
#.. ###


You could see Terence (fast).

Vanquished Creatures
  A gnoll (D:2)
  A dart slug (D:2)
  3 endoplasms (D:2)
  2 giant cockroaches (D:2)
  A goblin (D:2)
  4 hobgoblins (D:1)
  3 kobolds (D:1)
  A quokka (D:1)
  3 ball pythons
  3 bats
  2 frilled lizards
  2 rats
26 creatures vanquished.

Vanquished Creatures (others)
  A plant (D:1)
1 creature vanquished.

Grand Total: 27 creatures vanquished

Notes
Turn   | Place    | Note
-------+----------+-------------------------------------------
     0 | D:1      | Patoropollo the Demigod Gladiator began the quest for the
                  | Orb.
     0 | D:1      | Reached XP level 1. HP: 17/17 MP: 3/3
   562 | D:1      | Reached XP level 2. HP: 24/24 MP: 4/4
  1629 | D:2      | Reached skill level 1 in Armour
  1629 | D:2      | Reached XP level 3. HP: 28/29 MP: 5/5
  1901 | D:2      | Noticed Terence
  1919 | D:2      | HP: 1/29 [Terence/+0 mace (6)]
  1925 | D:2      | Slain by Terence

Illustrated notes

Levels and vault maps discovered:
D:1:      lightli_arrival_boilingwater, layout_loops_ring,
          shapermc_ecumenical_altar_acropolis
D:2:      minmay_door_path, layout_basic, kennysheep_generic_room_13,
          uniq_terence

Skill      XL: |  1  2 |
---------------+-------+-----
Fighting       | 2 |  2.3
Dodging        | 3 |  3.1
Armour         | 1 |  1.1
Unarmed Combat | 3 |  3.0
Throwing       | |  1.7

Action                   || total
-------------------------++-------
Melee: Unarmed           ||   166
       Punch             ||     4
  Use: Potion            ||     1
Armor: Leather armour    ||    48
       Scale mail        ||    15
Dodge: Dodged            ||   122

Table legend: (Time is in decaauts)
 A = Elapsed time spent in this place.
 B = Non-inter-level travel time spent in this place.
 C = Inter-level travel time spent in this place.
 D = Time resting spent in this place.
 E = Time spent auto-exploring this place.
 F = Levels seen in this place.
 G = Mean time per level.
                   A        B        C        D        E       F      G
               +--------+--------+--------+--------+--------+-----+--------+
         Total |   1916 |   1824 |     92 |      0 |   1511 |   2 |  958.0 |
       Dungeon |   1916 |   1824 |     92 |      0 |   1511 |   2 |  958.0 |
               +--------+--------+--------+--------+--------+-----+--------+

Top non-repeatable levels by time:
     D:1: 1043 daAuts
     D:2: 873 daAuts
